[Event "*** Qualifier 1: Titled Tuesday 3|2 Blitz"]
[Site "Chess.com"]
[Date "2017.04.04"]
[Round "3"]
[White "jposthuma"]
[Black "TheLancer"]
[Result "0-1"]
[WhiteElo "2236"]
[BlackElo "2466"]
[TimeControl "180+2"]
[EndTime "13:41:01 PDT"]
[Termination "TheLancer won by resignation"]

1. b3 g6 2. Bb2 Nf6 3. Bxf6 exf6 4. c4 f5 5. Nc3 Bg7 6. Rc1 O-O 7. g3 Nc6 8. Bg2 d6 9. e3 Rb8 10. Nge2 a6 11. O-O Bd7 12. Nd5 Ne5 13. d4 Ng4 14. h3 Nf6 15. Nxf6+ Bxf6 16. Nf4 Re8 17. Qd2 c6 18. Rfd1 Qc7 19. c5 d5 20. b4 Be6 21.
a4 Ra8 22. a5 Rad8 23. h4 h6 24. Bf3 Bc8 25. Kg2 Bg7 26. Rh1 Qd7 27. Rcg1 Re4 28.
Kf1 Qc7 29. Bxe4 dxe4 30. g4 fxg4 31. Qc2 Bf5 32. Ne2 h5 33. Ng3 Qe7 34. Ke2 Bf6 35.
Rg2 Rd5 36. Rgh2 Qe6 37. Qb1 Bd8 38. Qc2 Bc7 39. Qb1 Bd8 40. Qc2 Bf6 41. Qb1 Rd8 42.
Qc2 Re8 43. Qb1 Qd5 44. Qc2 Bd7 45. Rg2 Bf5 46. Rgg1 Qd8 47. Kd2 Qe7 48. Qb3 Rd8 49. Ke1 Kg7 50. Qc2 Rd5 51. Rg2 Bxh4 52. Rgh2 Bxg3 53.
fxg3 Qg5 54. Qf2 Be6 55. Qd2 Rf5 56. Rf2 Rf3 57. Rxf3 gxf3 58. Kf2 Qd5 59. Qc2 Qf5 60. Rh4 Bd5 61. Rh2 Kh6 62. Qb1 f6 63. Qc2 Qg4 64. Rh4 Qf5 65. Rh2 g5 66. Qd1 Kg6 67. Qh1 Qg4 68. Qf1 f5 69. Qg1 Kh6 70. Qh1 Bf7 71. Qb1 Bg6 72. Qg1 Kh7 73. Qh1 f4 74. Qg1 fxe3+ 75.
Kxe3 Qe6 76. Qc1 Qb3+ 77. Kf2 Qxb4 78. Qxg5 Qxd4+ 79. Ke1 Qg1+ 80. Kd2 Qxh2+ 81. Kc3 Qa2 82. Qe7+ Qf7 0-1

[Event "*** Qualifier 1: Titled Tuesday 3|2 Blitz"]
[Site "Chess.com"]
[Date "2017.04.04"]
[Round "3"]
[White "Durarbayli"]
[Black "GMHess"]
[Result "1/2-1/2"]
[WhiteElo "2628"]
[BlackElo "2607"]
[TimeControl "180+2"]
[EndTime "13:41:15 PDT"]
[Termination "Game drawn by agreement"]

1. e4 e5 2. Nf3 Nc6 3. Bb5 a6 4. Ba4 Nf6 5. d3 d6 6. c3 Bd7 7. Nbd2 g6 8. O-O Bg7 9. Re1 O-O 10. Nf1 b5 11. Bb3 Na5 12. Bc2 c5 13. Ng3 Qc7 14. Bd2 c4 15. d4 Bg4 16. d5 Nh5 17. Nxh5 Bxh5 18. b4 cxb3 19. axb3 Nb7 20. b4 f5 21.
Bd3 fxe4 22. Bxe4 Nd8 23. h3 Bxf3 24. Bxf3 Nf7 25. Ra3 Bh6 26. Bg4 Kg7 27. Be6 Bxd2 28. Qxd2 Nd8 29. Bg4 Qb6 30. Rea1 Rf7 31. Qe3 Qxe3 32.
fxe3 Rfa7 33. Be2 Rc7 34. Bxb5 e4 35. Bxa6 Nf7 36. b5 Rb8 37. Rb1 Rc5 38. b6 Rxd5 39. Ra4 Ne5 40. Rxe4 Rc5 41. b7 Rc6 42. Bf1 Rxc3 43.
Ra4 Rc7 44. Ra7 Nc6 45. Ra6 Ne5 46. Rab6 Nd7 47. Rxd6 Rbxb7 48. Rbd1 Nf6 49. Re6 Re7 50. Rxe7+ Rxe7 51. Kf2 Ne4+ 52. Kf3 Nc3 53. Rd4 Rf7+ 54. Rf4 Re7 55. Bc4 Nd1 56. e4 Nb2 57. Be2 Na4 58.
Ke3 Nb6 59. Rf1 Nd5+ 60. Kd4 Nc7 61. Bf3 Ne6+ 62. Ke3 Ng5 63. Ra1 h5 64. h4 Nh7 65.
Ra6 Nf6 66. Kf4 Rf7 67. Ke3 Re7 68. e5 Rxe5+ 69. Kd4 Rf5 70. Ra7+ Kh6 71. Rf7 Rf4+ 72. Ke5 Rf5+ 73. Ke6 Ne8 74. Ra7 Ng7+ 75. Kd6 Rf4 76. Ke5 Rf5+ 77. Ke4 Rf8 78. g4 hxg4 79. Bxg4 Nf5 80.
h5 Ng3+ 81. Ke5 gxh5 82. Be6 Ne2 83. Ra4 Kg5 84. Ra1 Re8 85. Re1 Nf4 86. Rg1+ Kh6 87.
Kxf4 Rxe6 88. Rg8 Rf6+ 89. Kg3 Rg6+ 90. Rxg6+ Kxg6 1/2-1/2

[Event "*** Qualifier 1: Titled Tuesday 3|2 Blitz"]
[Site "Chess.com"]
[Date "2017.04.04"]
[Round "3"]
[White "chipmunknau"]
[Black "RobertoJBM"]
[Result "1/2-1/2"]
[WhiteElo "2419"]
[BlackElo "2392"]
[TimeControl "180+2"]
[EndTime "13:41:16 PDT"]
[Termination "Game drawn - insufficient material"]

1. d4 c6 2. Nf3 d5 3. c4 Nf6 4.
Nc3 dxc4 5. a4 Bf5 6. e3 e6 7. Bxc4 Bb4 8. O-O Bg6 9. Ne5 Nbd7 10. Nxg6 hxg6 11. Qe2 O-O 12. Rd1 Qe7 13. e4 e5 14.
d5 Rfd8 15. dxc6 bxc6 16. Bg5 Nf8 17. Na2 Bc5 18. b4 Bd4 19. Rac1 Ne6 20. Bxe6 Qxe6 21. h3 Rab8 22. Rc2 Rd6 23. Rdc1 Qb3 24. a5 Qe6 25.
Qf3 Nd7 26. Bh4 Rc8 27. Bg3 c5 28. Qg4 f5 29. exf5 gxf5 30. Qe2 f4 31. Bh2 Qd5 32.
Kh1 g5 33. f3 Be3 34. bxc5 Rxc5 35. Rb1 Qd3 36. Qxd3 Rxd3 37. Rxc5 Nxc5 38. Nb4 Rb3 39. Rxb3 Nxb3 40. Nc6 Bd4 41. Bg1 a6 42. Bxd4 exd4 43.
Kg1 Kf7 44. Kf1 Ke6 45. Ke2 Kd6 46. Nb4 Nc5 47. Kd2 Ke5 48. Ke2 Ke6 49. Kd2 Kd6 50. Ke2 Ke5 51. Kd2 Ke6 52. Ke2 Kd6 53. Kd2 Nb3+ 54. Kd3 Nxa5 55. Nxa6 Nc6 56. Kc4 Ke6 57. Nc5+ Kf5 58. Ne4 Kg6 59. Kd5 Ne7+ 60. Kxd4 Nf5+ 61. Kd3 Ne3 62. g3 Nf1 63. g4 Ne3 64. Ke2 Nd5 65. Kf2 Ne7 66. Kg2 Nc6 67. Nc5 Ne5 68. Ne4 Nd3 69.
Nd2 Ne5 70. Ne4 Nd3 71. Nf2 Ne1+ 72. Kf1 Nxf3 73. Kg2 Ne5 74. Ne4 Nc4 75. h4 gxh4 76. Kh3 Ne5 77. Kxh4 Nf3+ 78. Kh3 Ng5+ 79. Nxg5 Kxg5 80.
Kg2 Kxg4 81. Kf2 Kg5 82. Kf3 Kf5 83. Kf2 Ke5 84. Kf3 Kf5 85. Kf2 Kf6 86. Kf3 Ke5 87. Kf2 Ke4 88. Ke2 Kd4 89. Kf3 Ke5 90. Kf2 Kf5 91. Kf3 Kg5 92. Kf2 Kg4 93. Kg2 f3+ 94.
Kf2 Kf5 95. Kxf3 1/2-1/2

[Event "*** Qualifier 1: Titled Tuesday 3|2 Blitz"]
[Site "Chess.com"]
[Date "2017.04.04"]
[Round "3"]
[White "Saitama_Hero"]
[Black "thegreendog"]
[Result "1/2-1/2"]
[WhiteElo "2184"]
[BlackElo "2294"]
[TimeControl "180+2"]
[EndTime "13:41:18 PDT"]
[Termination "Game drawn - insufficient material"]

1. Nf3 d5 2. g3 Nf6 3. Bg2 c6 4.
O-O Bg4 5. c4 e6 6. Nc3 dxc4 7.
Ne5 Bf5 8. Nxc4 Nbd7 9. d4 Be7 10. e4 Bg6 11. Qb3 Nb6 12. Na5 Qxd4 13. Rd1 Qb4 14. Nxb7 O-O 15. Bf4 a5 16. Nd6 Nh5 17. Qxb4 axb4 18.
Ne2 Nxf4 19. Nxf4 e5 20. Nxg6 hxg6 21. Rac1 Rxa2 22. Rxc6 Na4 23. Nc4 Nxb2 24. Rd2 Ra1+ 25. Bf1 Nxc4 26. Rxc4 Rb1 27. Kg2 Ra8 28. Rc7 Bf6 29.
Bc4 b3 30. Rxf7 Kh7 31. Rb7 Ra2 32. Rd3 Rbb2 33. Rf3 Ra4 34. Bxb3 Rxe4 35. Bg8+ Kxg8 36. Rxb2 Re1 37. Rb7 Re2 38. h4 Re4 39. Rd3 Kh7 40.
Rd6 Kh6 41. Re6 g5 42. hxg5+ Kxg5 43. Kf3 Rc4 44. Kg2 Kf5 45. Ra6 Rc2 46. Rb5 Re2 47. Ra3 Kg6 48. Re3 Rd2 49. Kf3 Rd4 50. Re4 Rd3+ 51.
Ke2 Rd8 52. Rb3 Kf5 53. Kf3 Rc8 54. g4+ Ke6 55. Rd3 Rf8 56. Kg3 Rh8 57. Rc4 Bh4+ 58.
Kg2 Bf6 59. Rc6+ Kf7 60. Kg3 Bh4+ 61. Kf3 Bf6 62. Ke4 Rh4 63. Kf5 g6+ 64. Ke4 Rxg4+ 65. Kd5 Rf4 66. Rh3 Rd4+ 67. Kc5 Be7+ 68. Kb5 Rb4+ 69.
Ka5 Rh4 70. Rxh4 Bxh4 71. f3 Be1+ 72. Kb5 Bf2 73. Kc4 Kg7 74. Kd5 Kh6 75. Kxe5 Kg5 76. f4+ Kh5 77. Rc3 Bh4 78. Rc4 Bg3 79. Kf6 Bh4+ 80. Kg7 Bg3 81. Kf6 Bh4+ 82. Ke5 Bg3 83. Rc6 g5 84. Rf6 Bxf4+ 85. Rxf4 gxf4 86. Kxf4 1/2-1/2

[Event "*** Qualifier 1: Titled Tuesday 3|2 Blitz"]
[Site "Chess.com"]
[Date "2017.04.04"]
[Round "3"]
[White "PelinGorki"]
[Black "Fandorine"]
[Result "1/2-1/2"]
[WhiteElo "2371"]
[BlackElo "2627"]
[TimeControl "180+2"]
[EndTime "13:41:36 PDT"]
[Termination "Game drawn by repetition"]

1. e4 c6 2. Nc3 d5 3. Nf3 Bg4 4. h3 Bxf3 5. Qxf3 e6 6. d3 Bc5 7.
Bd2 Nd7 8. g4 d4 9. Ne2 Qb6 10.
O-O-O a5 11. Qg3 Ne7 12. f4 a4 13. f5 a3 14. b3 Bb4 15. Bxb4 Qxb4 16. fxe6 fxe6 17. Qe1 Qxe1 18. Rxe1 c5 19. Nf4 Ra6 20. Bg2 Ne5 21. g5 N7g6 22. Rhf1 Nxf4 23. Rxf4 Ke7 24.
Ref1 Raa8 25. h4 b5 26. Bh3 h6 27. g6 h5 28. Rg1 Raf8 29. Rxf8 Rxf8 30. Rg5 Kd6 31.
Rxh5 Rf3 32. Bg2 Rg3 33. Rg5 Rxg5 34. hxg5 Nxg6 35. Bf3 Ke5 36. Bh5 Ne7 37. Bf7 Nc6 38. Be8 Na7 39. Kd2 b4 40. Bd7 Kd6 41. Be8 Nc8 42. Ke2 Ke5 43. Kf3 Nd6 44. Bd7 Nf7 45. Kg4 Kd6 46. Be8 Ne5+ 47. Kf4 g6 48. Bb5 Nf7 49. Be8 Nh8 50. e5+ Ke7 51. Bc6 Nf7 52. Be4 Nh8 53. Bc6 Kf8 54. Be4 Kg7 55. Bc6 Nf7 56. Be8 Nd8 57. Ke4 Nb7 58. Kf4 Na5 59. Bb5 Kf7 60. Ke4 Ke7 61. Kf4 Nb7 62.
Ke4 Nd8 63. Kf4 Nf7 64. Bc6 Kd8 65. Be4 Nh8 66. Bc6 Ke7 67. Be4 Kf8 68. Bc6 Nf7 69. Be4 Kg7 70. Bc6 Nd8 71. Bd7 Kf7 72. Bb5 Nb7 73.
Bc6 Na5 74. Bb5 Ke7 75. Ke4 Kf8 76. Kf4 Kf7 77. Ke4 Ke7 78. Kf4 Nb7 79. Bc6 Nd8 80.
Bb5 Kf7 81. Ke4 Nb7 82. Kf4 Na5 83. Ke4 Ke7 84. Kf4 Kf7 85. Ke4 1/2-1/2

[Event "*** Qualifier 1: Titled Tuesday 3|2 Blitz"]
[Site "Chess.com"]
[Date "2017.04.04"]
[Round "3"]
[White "poummba"]
[Black "GMOratovsky"]
[Result "1-0"]
[WhiteElo "2390"]
[BlackElo "2345"]
[TimeControl "180+2"]
[EndTime "13:42:17 PDT"]
[Termination "poummba won by checkmate"]

1. e4 d6 2. d4 Nf6 3. Nc3 e5 4.
Nf3 Nbd7 5. g3 c6 6. Bg2 Be7 7. a4 O-O 8. O-O Qc7 9. Re1 b6 10. h3 Re8 11. Be3 a6 12. Nh4 g6 13. Nf3 Bb7 14. dxe5 dxe5 15. Qb1 b5 16. Qa2 Nc5 17.
Ng5 Bf8 18. f4 b4 19. fxe5 Rxe5 20. Bf4 bxc3 21. Bxe5 Qxe5 22. Qxf7+ Kh8 23. b4 Qxg5 24. bxc5 Qxc5+ 25. Kh2 Qe7 26. Qxe7 Bxe7 27. Rab1 Bc8 28. Rb6 Kg7 29. Rxc6 Bd7 30. e5 Ne8 31. Rxc3 Ra7 32. Re4 Nc7 33. Rd4 Ne6 34. Rd1 Bxa4 35. Rc8 Bb5 36.
Bd5 Nf8 37. Rd4 Bd7 38. Rb8 Rc7 39. Rf4 Be6 40. Rbxf8 Rxc2+ 41. Kg1 Bxd5 42. Re8 Bc5+ 43. Kf1 Rc1+ 44. Ke2 Rc2+ 45. Kd3 Rg2 46. e6 Rxg3+ 47. Kc2 Rxh3 48. e7 Re3 49. Rd8 Bc6 50. Rc8 Be4+ 51.
Kd2 Rd3+ 52. Ke2 Bxe7 53. Rxe4 Rd7 54. Ra8 Bf6 55. Rxa6 h5 56. Ree6 Rf7 57. Kf3 g5 58. Kg2 Kg6 59. Rec6 Kf5 60. Rc5+ Be5 61. Raa5 Re7 62.
Rcb5 Kf4 63. Ra4+ Kf5 64. Raa5 Re6 65. Rc5 h4 66. Kh3 Re7 67. Rcb5 Kf4 68. Ra4+ Kf5 69. Raa5 Re8 70. Rc5 Ke4 71. Kg4 Bf4 72. Rxg5 Bxg5 73.
Rxg5 h3 74. Kxh3 Kf3 75. Rf5+ Ke4 76. Rg5 Kf4 77. Rg4+ Kf3 78. Rg3+ Kf2 79. Rg2+ Kf1 80. Rg5 Re4 81. Rg4 Kf2 82. Rxe4 Kf3 83. Rg4 Ke3 84.
Kg3 Kd3 85. Rf4 Ke3 86. Kg4 Kd3 87. Kf5 Ke3 88. Ke5 Kd3 89. Re4 Kc3 90. Rd4 Kb3 91. Kd5 Kc3 92. Kc5 Kb3 93. Rc4 Ka3 94. Kd4 Kb3 95.
Kd3 Ka3 96. Kc2 Ka2 97. Ra4# 1-0

[Event "*** Qualifier 1: Titled Tuesday 3|2 Blitz"]
[Site "Chess.com"]
[Date "2017.04.04"]
[Round "3"]
[White "proxy6"]
[Black "yian123"]
[Result "0-1"]
[WhiteElo "2217"]
[BlackElo "2399"]
[TimeControl "180+2"]
[EndTime "13:42:19 PDT"]
[Termination "yian123 won by resignation"]

1. e4 e5 2. Nf3 Nc6 3. Bb5 a6 4.
Ba4 Nf6 5. O-O Be7 6. Re1 b5 7. Bb3 d6 8. c3 O-O 9. h3 Nb8 10. d4 Nbd7 11. Nbd2 Bb7 12. Bc2 Re8 13. Nf1 Bf8 14. Ng3 g6 15. Bg5 h6 16. Be3 Bg7 17.
Qd2 Kh7 18. a4 Qe7 19. Rad1 Rad8 20. b3 Nf8 21. axb5 axb5 22. d5 c6 23. c4 bxc4 24.
bxc4 Qc7 25. Rb1 N6d7 26. Nh2 Ba6 27. Bd3 Rb8 28. h4 h5 29. Nf3 Nf6 30. Ng5+ Kg8 31. f3 N6d7 32. Ra1 Ra8 33. Reb1 Bf6 34. Ne2 Bb7 35. Rxa8 Bxa8 36. Kf2 Rb8 37. Ra1 Bb7 38. Ra7 Ra8 39. Qa2 Rxa7 40. Qxa7 Qb8 41. Qxb8 Nxb8 42. Bb6 Be7 43. Nc3 Nfd7 44. Ba7 Na6 45. dxc6 Bxc6 46. Nd5 Bd8 47. Nh3 Nac5 48. Bc2 Na6 49. Ke2 Bxd5 50.
cxd5 Bb6 51. Bxb6 Nxb6 52. Bd3 Nc5 53. Nf2 Kg7 54. Bb5 f5 55. Ke3 Kf6 56. g3 Nc8 57.
Bd3 Ne7 58. g4 fxg4 59. fxg4 hxg4 60. Nxg4+ Kg7 61. Bc2 Ng8 62. Kf3 Nh6 63. Ne3 Kf6 64.
Nc4 Ke7 65. Kg3 Nd7 66. Ba4 Nf6 67. Bc2 Nf7 68. Ne3 g5 69. Nf5+ Kd7 70. h5 Nxh5+ 71. Kf3 Nf6 72. Ng7 g4+ 73. Kg3 Ng5 74. Nf5 Kc7 75. Nh6 Ngxe4+ 76. Bxe4 Nxe4+ 77. Kxg4 Nc3 78. Nf5 Nxd5 79. Kf3 Nf6 80. Ke3 Kd7 81. Kd3 d5 82.
Ne3 Ke6 83. Nc2 Nd7 84. Ke3 Nc5 85. Nb4 d4+ 86. Kd2 e4 87. Ke2 Ke5 88. Nc6+ Kd5 89. Ne7+ Kc4 90. Nf5 Ne6 91. Nd6+ Kd5 92. Nf5 Nf4+ 93.
Kd2 Ke5 94. Ng3 e3+ 95. Kd1 d3 96. Ke1 Nd5 97. Nf1 Kd4 0-1

[Event "*** Qualifier 1: Titled Tuesday 3|2 Blitz"]
[Site "Chess.com"]
[Date "2017.04.04"]
[Round "3"]
[White "geeeeri"]
[Black "StoreySniper"]
[Result "1/2-1/2"]
[WhiteElo "2299"]
[BlackElo "2225"]
[TimeControl "180+2"]
[EndTime "13:42:33 PDT"]
[Termination "Game drawn by repetition"]

1. e4 g6 2. d4 Bg7 3. Be3 c5 4.
c3 cxd4 5. cxd4 Nf6 6. Nc3 d5 7. e5 Ng4 8. Bb5+ Nc6 9. Bf4 Nh6 10. Qd2 Nf5 11. Nf3 e6 12. O-O Bd7 13. Rfd1 h6 14. Bxc6 Bxc6 15. b4 b5 16. a4 a6 17. axb5 axb5 18.
Qd3 Rxa1 19. Rxa1 Qb6 20. g4 Ne7 21. Ra5 h5 22. g5 O-O 23. Nd2 Nf5 24. Nb3 Rb8 25.
Nc5 Bf8 26. Be3 Be7 27. Bd2 Qd8 28. f4 Qb6 29. Ne2 Ra8 30. Qa3 Rxa5 31. bxa5 Qa6 32. Bb4 Qa7 33. Kf2 h4 34. Ke1 Bb7 35. Kd2 Bc6 36.
Kd3 Kg7 37. Qc3 Qa8 38. a6 Bd8 39. Ba5 Bxa5 40. Qxa5 Qh8 41. Qc7 Qh5 42. Qxc6 Qf3+ 43. Kd2 Qe3+ 44. Kd1 Qxe2+ 45. Kxe2 Nxd4+ 46. Kd3 Nxc6 47.
Nd7 h3 48. Kc3 d4+ 49. Kb3 Kg8 50. Ka3 Kg7 51. Kb3 Kg8 52. Ka3 Kg7 53. Kb3 Kg8 54.
Kb2 Kg7 55. Kc1 Kg8 56. Kd2 Kg7 57. Kd3 Nb4+ 58. Kxd4 Nxa6 59. Kc3 Nc7 60. Nf6 Na6 61.
Kd4 b4 62. Ng4 b3 63. Kc3 Nc5 64. Nf2 Kf8 65. Nxh3 b2 66. Kxb2 Nd3+ 67. Kc3 Ne1 68. Nf2 Ng2 69. Nd3 Ke7 70. Kd4 Kd7 71. Ke4 Nh4 72.
Ne1 Nf5 73. Nf3 Ng7 74. Nd4 Ke7 75. h3 Nh5 76. Ne2 Ng7 77. Ng3 Ne8 78. h4 Ng7 79. Kd4 Kd7 80. Kc5 Kc7 81. Kb5 Kb7 82. Kc5 Kc7 83.
Kd4 Kc6 84. Kc4 Kb6 85. Kb4 Kc6 86. Kc4 Kb6 87. Kd4 Kc6 88. Ke4 Kc5 89. Kf3 Kd4 90.
Kg4 Ke3 91. Nf1+ Ke2 92. Ng3+ Ke3 93. Nf1+ Ke2 94. Nh2 Ke3 95. Nf1+ Ke2 96. Ng3+ Ke3 97. Nf1+ Ke2 98. Nh2 Ke3 99. Nf1+ 1/2-1/2

[Event "*** Qualifier 1: Titled Tuesday 3|2 Blitz"]
[Site "Chess.com"]
[Date "2017.04.04"]
[Round "3"]
[White "tigra"]
[Black "larso"]
[Result "0-1"]
[WhiteElo "2599"]
[BlackElo "2419"]
[TimeControl "180+2"]
[EndTime "13:43:15 PDT"]
[Termination "larso won on time"]

1. e4 c5 2. Nf3 d6 3. d4 cxd4 4.
Nxd4 Nf6 5. Nc3 a6 6. Bg5 e6 7. f4 b5 8. e5 dxe5 9. fxe5 Qc7 10.
exf6 Qe5+ 11. Qe2 Qxg5 12. Ne4 Qe5 13. Qe3 Bb7 14. Bd3 gxf6 15. Nf3 Qxb2 16. O-O Nd7 17. a4 f5 18. Rfb1 Qg7 19. Kh1 fxe4 20. Bxe4 Bxe4 21. Qxe4 Rd8 22. axb5 axb5 23. Qc6 Rg8 24. g3 b4 25.
Ra7 Qc3 26. Qe4 Nf6 27. Qe2 Be7 28. Qb5+ Kf8 29. Qe2 Qc5 30. Rba1 Qd5 31. Kg2 Qe4 32.
Qxe4 Nxe4 33. Rc7 Bd6 34. Rc4 Ng5 35. Nd4 Be5 36. Nc6 Bxa1 37. Nxd8 Kg7 38. Nb7 Rb8 39.
Na5 Bc3 40. h4 Ra8 41. Nc6 Ra2 42. Kf1 Rxc2 43. Nxb4 Rc1+ 44. Kg2 Rb1 45. Nd3 Ne4 46. Rxe4 Bf6 47. Nf4 Rb5 48. Re2 Ra5 49. Rc2 Be5 50.
Ne2 Kf6 51. Rc4 Ra3 52. Rg4 Ke7 53. Rg8 f5 54. Rc8 Kf7 55. Rc5 Bd6 56. Rb5 Kf6 57. Rb6 Be5 58. Rb5 h6 59. Rc5 Re3 60. Rc2 Ra3 61. Rc5 Ra6 62. Kf3 Bd6 63. Rb5 e5 64.
Rb2 Ra3+ 65. Kf2 Ke6 66. Kg2 Kd5 67. Rd2+ Ke6 68. Rc2 Ra4 69. Rd2 Ra3 70. Rc2 Rd3 71.
Rb2 e4 72. Rc2 Be5 73. Rc6+ Rd6 74. Rc2 Ra6 75. Kf2 Kd5 76. Rc8 Ra2 77. Ke3 Ra3+ 78. Kf2 Ra2 79. Ke3 Ra3+ 80. Kf2 Ke6 81. Rc6+ Bd6 82.
Nd4+ Ke5 83. Ne2 Ra5 84. Rc2 Bc5+ 85. Kg2 Be3 86. Rc3 Bd2 87. Rc2 e3 88. Kf3 Ra1 89.
Nf4 Rf1+ 90. Ke2 Rg1 91. Kf3 Kd4 92. Rc8 Rf1+ 93. Kg2 Rf2+ 94. Kh3 e2 95. Rd8+ Kc3 96. Nxe2+ Rxe2 97. Rd5 Rf2 98. h5 Kc4 99. Rd7 Bg5 100. Rd6 Kc5 101. Ra6 Kd5 102. Ra4 Ke5 103. g4 f4 104.
Re4+ Kd5 105. Re5+ Kd6 106. Re6+ Kd7 107. Rd6+ Ke7 108. Re6+ Kf7 109. Rg6 Rf3+ 110. Kh2 Rg3 111. Rb6 Rxg4 0-1

[Event "*** Qualifier 1: Titled Tuesday 3|2 Blitz"]
[Site "Chess.com"]
[Date "2017.04.04"]
[Round "4"]
[White "geeeeri"]
[Black "Rating-Schmating"]
[Result "1-0"]
[WhiteElo "2305"]
[BlackElo "2209"]
[TimeControl "180+2"]
[EndTime "13:46:12 PDT"]
[Termination "geeeeri won by resignation"]

1. e4 e6 2. d3 d5 3. Nd2 Nf6 4. Ngf3 Bc5 5. e5 Nfd7 6. d4 Be7 7. Bd3 c5 8. c3 Nc6 9. O-O g5 10.
dxc5 g4 11. Nd4 Ncxe5 12. Bb5 Bxc5 13. f4 gxf3 14. Nxf3 Bd6 15. Nxe5 Bxe5 16. Qh5 Bxd4+ 17. cxd4 Qe7 18. Bg5 Qf8 19. Rae1 Qg7 20. Rxe6+ Kf8 21. Bh6 1-0

[Event "*** Qualifier 1: Titled Tuesday 3|2 Blitz"]
[Site "Chess.com"]
[Date "2017.04.04"]
[Round "4"]
[White "jeaston1"]
[Black "rupeshjswl7"]
[Result "1-0"]
[WhiteElo "2159"]
[BlackElo "2063"]
[TimeControl "180+2"]
[EndTime "13:46:19 PDT"]
[Termination "jeaston1 won by resignation"]

1. d4 Nf6 2. c4 c5 3. d5 b5 4.
cxb5 a6 5. bxa6 Bxa6 6. Nc3 d6 7. e4 Bxf1 8. Kxf1 g6 9. g3 Bg7 10. Nf3 O-O 11. Kg2 Nbd7 12. a4 Qb6 13. Qe2 Rfb8 14.
Nb5 Ne8 15. Bg5 Kf8 16. Nd2 Bxb2 17. Nc4 Bxa1 18. Nxb6 Rxb6 19. Rxa1 1-0

[Event "*** Qualifier 1: Titled Tuesday 3|2 Blitz"]
[Site "Chess.com"]
[Date "2017.04.04"]
[Round "4"]
[White "Feegus"]
[Black "AllStarShark"]
[Result "1/2-1/2"]
[WhiteElo "2346"]
[BlackElo "2319"]
[TimeControl "180+2"]
[EndTime "13:46:36 PDT"]
[Termination "Game drawn by agreement"]

1. d4 d5 2. Bf4 Nf6 3. e3 e6 4.
Nf3 Bd6 5. Bg3 O-O 6. Bd3 c5 7. c3 Nc6 8. Nbd2 Qe7 9. Ne5 Nd7 10. Nxd7 Qxd7 11. Bxd6 Qxd6 12. dxc5 Qxc5 13. Bxh7+ Kxh7 14. Qh5+ Kg8 15. Ne4 g6 16. Qg5 Qe7 17. Nf6+ Kg7 18. Nh5+ Kg8 19. Nf6+ Kg7 20. Nh5+ Kg8 1/2-1/2

[Event "*** Qualifier 1: Titled Tuesday 3|2 Blitz"]
[Site "Chess.com"]
[Date "2017.04.04"]
[Round "4"]
[White "FearNoEvil12"]
[Black "kereswasbest"]
[Result "1-0"]
[WhiteElo "2097"]
[BlackElo "2072"]
[TimeControl "180+2"]
[EndTime "13:47:39 PDT"]
[Termination "FearNoEvil12 won by resignation"]

1. e4 e5 2. d4 Nc6 3. Nf3 exd4 4. Bc4 Nf6 5. e5 d5 6. Bb5 Ne4 7. Nxd4 Bd7 8. Bxc6 bxc6 9. O-O Bc5 10. f3 Ng5 11. f4 Ne4 12. Nc3 Bf5 13. Be3 Nxc3 14. bxc3 Be4 15. Qd2 Qd7 16. Rae1 O-O 17. f5 Bxd4 18. Bxd4 Bxf5 19. Qg5 Bxc2 20. Re3 Rab8 21. Rg3 Bg6 22. h4 h6 23. Qe3 Rb1 24. Rxb1 Bxb1 25. Rxg7+ 1-0

[Event "*** Qualifier 1: Titled Tuesday 3|2 Blitz"]
[Site "Chess.com"]
[Date "2017.04.04"]
[Round "4"]
[White "hypert"]
[Black "Marcus_Harvey"]
[Result "0-1"]
[WhiteElo "2268"]
[BlackElo "2479"]
[TimeControl "180+2"]
[EndTime "13:48:43 PDT"]
[Termination "Marcus_Harvey won by checkmate"]

1. e4 e6 2. d4 d5 3. Nc3 Nf6 4. e5 Nfd7 5. f4 c5 6. Nf3 Nc6 7. Be3 a6 8. Qd2 Qb6 9. Na4 Qb4 10.
Qxb4 Nxb4 11. Kd2 b6 12. c3 Nc6 13. b3 Bb7 14. Nb2 Rc8 15. Bd3 cxd4 16. cxd4 Ba3 17.
Rhb1 Nb4 18. Ne1 O-O 19. Nc2 Nxc2 20. Bxc2 Bb4+ 21. Kd3 Rc3+ 22. Kd2 Rfc8 23. Bd3 Rc2+ 24. Kd1 Rxg2 25. Na4 b5 26. Nc5 Nxc5 27. dxc5 d4 28. Bxd4 Bf3+ 29. Kc1 Ba3+ 30. Bb2 Rxc5+ 31. Bc2 Rcxc2# 0-1

[Event "*** Qualifier 1: Titled Tuesday 3|2 Blitz"]
[Site "Chess.com"]
[Date "2017.04.04"]
[Round "4"]
[White "dhanushbharadwaj"]
[Black "jposthuma"]
[Result "1-0"]
[WhiteElo "2441"]
[BlackElo "2232"]
[TimeControl "180+2"]
[EndTime "13:49:10 PDT"]
[Termination "dhanushbharadwaj won on time"]

1. Nf3 Nf6 2. c4 b6 3. g3 Bb7 4.
Bg2 e5 5. O-O e4 6. Ne1 d5 7.
cxd5 Qxd5 8. Nc3 Qd7 9. d3 Bb4 10. Bg5 Bxc3 11. bxc3 Nd5 12. c4 Nc3 13. Qd2 Qf5 14.
Qxc3 Qxg5 15. Nc2 O-O 16. Ne3 Nd7 17. h4 Qf6 18. d4 c5 19. Rad1 cxd4 20. Rxd4 Nc5 21.
Rfd1 h6 22. Qd2 Rfe8 23. Rd6 Qe5 24. Ng4 1-0

[Event "*** Qualifier 1: Titled Tuesday 3|2 Blitz"]
[Site "Chess.com"]
[Date "2017.04.04"]
[Round "4"]
[White "Kawhi_Leonard2"]
[Black "GameOverBro"]
[Result "0-1"]
[WhiteElo "2201"]
[BlackElo "2242"]
[TimeControl "180+2"]
[EndTime "13:49:17 PDT"]
[Termination "GameOverBro won by resignation"]

1. e4 d6 2. d4 Nf6 3. Nc3 e5 4.
Nf3 Nbd7 5. Bc4 Be7 6. O-O O-O 7. a4 c6 8. b3 Qc7 9. Ba3 Nb6 10. Be2 Re8 11. h3 h6 12. a5 Nbd7 13.
Qd2 Nf8 14. Rfd1 Be6 15. d5 cxd5 16. exd5 Bf5 17. Nxe5 dxe5 18. d6 Bxd6 19. Bxd6 Qc8 20. a6 Ng6 21. Bc4 Nf4 22. Nb5 Bxh3 23. gxh3 Qxh3 24.
Bf1 Qg4+ 25. Kh1 Qh4+ 26. Kg1 Ng4 27. f3 Qg3+ 28. Bg2 Nh3+ 29. Kf1 Nh2+ 30. Ke2 Qxg2+ 0-1

[Event "*** Qualifier 1: Titled Tuesday 3|2 Blitz"]
[Site "Chess.com"]
[Date "2017.04.04"]
[Round "4"]
[White "plouarzel"]
[Black "SergeiAza"]
[Result "0-1"]
[WhiteElo "2389"]
[BlackElo "2648"]
[TimeControl "180+2"]
[EndTime "13:49:24 PDT"]
[Termination "SergeiAza won by resignation"]

1. d4 Nf6 2. Nc3 d5 3. e4 dxe4 4. f3 exf3 5. Nxf3 e6 6. Bd3 c5 7.
dxc5 Bxc5 8. Qe2 Nc6 9. Bg5 h6 10. Bh4 Nd4 11. Nxd4 Qxd4 12. Bg3 Bd7 13. Nb5 Qxb2 14.
Nc7+ Ke7 15. Be5 Bd4 16. Bxf6+ gxf6 17. Rd1 Qc3+ 18. Qd2 Qxc7 19. Qb4+ Bc5 20. Qh4 Qe5+ 21. Kf1 Bc6 22. Re1 Qd4 23. Qg3 Rhg8 24. Qc7+ Kf8 25. Re2 Bb6 26. Qxb6 axb6 0-1

[Event "*** Qualifier 1: Titled Tuesday 3|2 Blitz"]
[Site "Chess.com"]
[Date "2017.04.04"]
[Round "4"]
[White "Sebastian"]
[Black "Bugcrusher"]
[Result "1-0"]
[WhiteElo "2613"]
[BlackElo "2459"]
[TimeControl "180+2"]
[EndTime "13:49:29 PDT"]
[Termination "Sebastian won by resignation"]

1. e4 e6 2. d4 d5 3. Nc3 Bb4 4.
e5 c5 5. dxc5 Nd7 6. Nf3 Ne7 7.
Bd3 Nxc5 8. O-O Bxc3 9. bxc3 h6 10. Re1 O-O 11. Rb1 b6 12. Rb4 Nf5 13. Rg4 Nxd3 14.
cxd3 Bd7 15. Nd4 Kh8 16. Nxf5 exf5 17. Rg3 Be6 18. Qh5 Kh7 19. Rxg7+ Kxg7 20. Qxh6+ Kg8 21. Bg5 f6 22. Bxf6 Rxf6 23. exf6 Qd7 24. Rxe6 1-0

[Event "*** Qualifier 1: Titled Tuesday 3|2 Blitz"]
[Site "Chess.com"]
[Date "2017.04.04"]
[Round "4"]
[White "Dlugy"]
[Black "IamSchrodingersCat"]
[Result "1-0"]
[WhiteElo "2644"]
[BlackElo "2385"]
[TimeControl "180+2"]
[EndTime "13:49:36 PDT"]
[Termination "Dlugy won by resignation"]

1. d4 Nf6 2. Bf4 e6 3. e3 d5 4. Nd2 c5 5. c3 Nc6 6. Ngf3 Bd6 7. Bg3 O-O 8. Bb5 Ne7 9. Bd3 b6 10. e4 c4 11. Bc2 dxe4 12. Nxe4 Nxe4 13. Bxe4 Nd5 14.
Bxd6 Qxd6 15. Ne5 Ba6 16. O-O f6 17. Qh5 h6 18. Ng6 Rfe8 19. a4 Bb7 20. Qe2 Rad8 21. Rfe1 Rd7 22. Qxc4 e5 23. dxe5 fxe5 24. Rad1 Qe6 25.
Nxe5 Rde7 1-0

[Event "*** Qualifier 1: Titled Tuesday 3|2 Blitz"]
[Site "Chess.com"]
[Date "2017.04.04"]
[Round "4"]
[White "IM_Michal_Luch"]
[Black "bancsoo"]
[Result "0-1"]
[WhiteElo "2443"]
[BlackElo "2618"]
[TimeControl "180+2"]
[EndTime "13:49:40 PDT"]
[Termination "bancsoo won by resignation"]

1. d4 d5 2. c4 e6 3. Nc3 c6 4. e4 Bb4 5. e5 Ne7 6. h4 dxc4 7. Bxc4 c5 8. Be3 Nbc6 9. dxc5 Qxd1+ 10.
Rxd1 Nxe5 11. Bb5+ Bd7 12. Ke2 Bxc3 13. Bxd7+ Nxd7 14.
bxc3 Rc8 15. Rb1 Rc7 16. Nf3 Nd5 17. Bd4 f6 18. c4 Nf4+ 19. Kd2 e5 20. Be3 Nxg2 21.
Rhg1 Nxe3 22. Kxe3 Nxc5 23. Rgd1 Ke7 24. Rd5 Rd8 25.
Nd2 Rxd5 26. cxd5 Kd6 27. Rd1 Kxd5 28. Ne4+ Ke6 29. Ng3 Rd7 30. Rc1 b6 31. h5 Rd3+ 32. Ke2 Ra3 33. Rc2 f5 34. Kf1 f4 35. Ne2 Kf5 36. Nc3 Kg4 37. Nb1 Ra4 38. h6 gxh6 39. Nc3 Rc4 0-1